Map: Ulrena

Players

ThanathoS

  • Race: Terran Terran
  • League: Gold
  • Spawn Location: 11:00

zidar - Winner!

  • Race: Zerg Zerg
  • League: Gold
  • Spawn Location: 7:00

VOD

Have the link to the VOD?

Description

Time

  • Played on: July 3, 2016, 12:58 p.m.
  • Length: 8:39
Show
View Real Time Build Order
Export as new Build Order

ThanathoS Terran 

Build Orders:  

Get SALT Encoding   

  12  0:01  SCV  
  13  0:13  SCV  
  14  0:19  Supply Depot  
  14  0:25  SCV  
  15  0:41  SCV  
  16  0:42  Barracks  
  16  0:46  Refinery  
  16  0:53  SCV  
  17  1:03  Barracks  
  17  1:05  SCV  
  18  1:17  SCV  
  19  1:25  Barracks  
  19  1:32  Marine  
  20  1:40  Orbital Command  
  20  1:47  Supply Depot  
  20  1:52  Marine  
  21  1:56  Marine  
  22  2:08  SCV  
  23  2:10  Marine  
  23  2:13  Marine  
  25  2:18  Marine  
  26  2:27  Marine  
  27  2:30  Marine  
  27  2:31  SCV  
  29  2:39  Marine  
  30  2:52  Barracks Tech Lab, Command Center  
  30  2:56  Barracks Reactor  
  30  2:57  Barracks Tech Lab  
  30  3:02  Refinery, SCV  
  31  3:14  Stimpack  
  31  3:18  Combat Shield  
  31  3:22  Supply Depot  
  31  3:43  Supply Depot  
  31  3:44  Marauder x2, SCV  
  31  3:46  Marine x2  
  38  3:56  SCV  
  38  4:00  Factory  
  39  4:05  Marine, Supply Depot  
  39  4:08  SCV  
  41  4:13  Marauder  
  43  4:25  Marine x2, Marauder  
  47  4:34  Marauder  
  49  4:41  SCV  
  50  4:46  Orbital Command  
  50  4:52  Factory Reactor, Starport  
  50  4:56  Marine  
  50  4:57  Marine  
  52  5:02  Marauder  
  54  5:09  Concussive Shells  
  54  5:10  SCV  
  55  5:22  SCV, Engineering Bay  
  56  5:30  Engineering Bay  
  56  5:37  Supply Depot  
  56  5:42  Factory Tech Lab  
  56  5:43  Medivac x2  
  52  6:00  Marine x2, Marauder x2  
  40  6:17  Marine  
  40  6:18  Marine  
  40  6:19  SCV  
  40  6:20  SCV  
  40  6:21  Marine x2  
  44  6:32  SCV x2  
  43  6:35  Marine  
  43  6:38  Marine  
  43  6:39  Marine  
  48  6:40  Marauder  
  48  6:44  SCV  
  48  6:45  SCV  
  50  6:53  Marine  
  51  6:56  SCV, Supply Depot  
  51  6:57  Marauder, SCV  
  55  7:01  Marine x2  
  55  7:08  SCV  
  58  7:09  SCV, Siege Tank  
  58  7:18  Marine  
  58  7:19  Marine x2, Marauder  
  58  7:20  SCV  
  47  7:36  Marine  
  47  7:37  Marine  
  47  7:38  Marauder  
  47  7:40  Marine  
  28  7:54  Marine  
  28  7:55  Marine  
  28  7:58  Marauder  
  24  7:59  Marauder  
  22  8:12  Marine  
  23  8:19  Marine  
  23  8:20  Marine  
  23  8:26  SCV  
Show
View Real Time Build Order
Export as new Build Order

zidar Zerg - Winner!

Build Orders: Pool First 

Get SALT Encoding   

  12  0:15  Drone  
  12  0:20  Overlord  
  13  0:32  Drone  
  14  0:38  Spawning Pool  
  14  0:39  Drone  
  14  0:42  Drone  
  15  0:56  Drone  
  16  1:14  Drone  
  16  1:16  Hatchery  
  16  1:18  Extractor  
  15  1:26  Queen  
  17  1:38  Zergling x4  
  19  1:40  Zergling x2  
  20  1:51  Overlord  
  20  2:02  Queen  
  22  2:10  Drone  
  23  2:17  Metabolic Boost  
  23  2:21  Drone  
  24  2:33  Drone x3  
  27  3:05  Roach Warren, Pneumatized Carapace  
  27  3:09  Drone x5  
  31  3:14  Extractor  
  30  3:34  Drone  
  31  3:35  Overlord x2  
  31  3:38  Drone x2  
  31  3:39  Drone x3  
  36  3:53  Drone  
  37  4:06  Roach  
  37  4:07  Roach x5  
  49  4:21  Roach  
  51  4:25  Overlord  
  51  4:26  Overlord  
  51  4:35  Overlord  
  51  4:41  Drone  
  51  4:44  Drone x2  
  54  4:49  Roach x5  
  54  4:52  Ravager x2  
  66  4:57  Ravager  
  67  5:13  Ravager  
  68  5:20  Extractor  
  67  5:22  Extractor  
  66  5:39  Spore Crawler x2  
  64  5:47  Spore Crawler  
  64  5:48  Spore Crawler  
  34  6:17  Roach x12  
  34  6:18  Roach x2  
  62  6:20  Roach, Zergling x2  
  62  6:21  Zergling x10  
  70  6:39  Roach x2  
  71  6:47  Ravager  
  58  7:49  Roach x6  
  65  8:13  Roach x4  
  73  8:24  Drone  
Tags
 
League
GoldGold
Matchup
TvZ
Opening
Pool First
Spawn Locations
Close Positions
Add a new tag
Caveats
  • Supply blocks, unpowered buildings, or Contaminate may cause inaccurate times.
  • Supply counts are checked every 10 seconds.